 Dungeon Crawl Stone Soup version 0.17-a0-18-gc25b939 (webtiles) character file.

606 Kaesh the Ruffian (level 7, -3/70 HPs)
             Began as a Troll Monk on Mar 10, 2015.
             Slain by Prince Ribbit (4 damage)
             ... on level 5 of the Dungeon.
             The game lasted 00:11:52 (3319 turns).

Kaesh the Ruffian (Troll Monk)                      Turns: 3319, Time: 00:11:52

Health: -3/70      AC:  7    Str: 20    XL:     7   Next: 19%
Magic:  3/3        EV: 11    Int:  6    God:
Gold:   194        SH:  0    Dex: 14    Spells: 0 memorised, 6 levels left

rFire  x . .     SeeInvis .       - Unarmed
rCold  + . .     Clarity  .     a - +0 robe
rNeg   . . .     SustAb   .     (shield restricted)
rPois  .         Gourm    +     l - +1 hat
rElec  .         Spirit   .     v - +0 cloak
rCorr  .         Warding  .     (gloves unavailable)
rMut   .         Stasis   .     (boots unavailable)
MR     +....                    (no amulet)
Stlth  ++........               r - ring of protection from magic
                                h - ring of ice

@: somewhat resistant to hostile enchantments, unstealthy
A: unfitting armour, claws 3, fast metabolism 3, gourmand, regeneration 2,
shaggy fur 1, tough skin 2
a: no special abilities


You were on level 5 of the Dungeon.
You were not hungry.

You visited 1 branch of the dungeon, and saw 5 of its levels.

You collected 194 gold pieces.

Inventory:

Armour
 a - a +0 robe (worn)
 l - a +1 hat (worn)
 v - a +0 cloak (worn)
Rods
 w - a -3 rod of shadows (11/11)
   (You found it on level 4 of the Dungeon)
Jewellery
 h - a ring of ice (left claw)
 p - an uncursed ring of stealth
 r - a ring of protection from magic (right claw)
Scrolls
 d - 2 scrolls of enchant armour
 e - 9 scrolls of identify
 i - 3 scrolls of remove curse
 m - 3 scrolls of recharging
 o - a scroll of magic mapping {unknown}
 q - a scroll of blinking {unknown}
 t - 2 scrolls of enchant weapon {unknown}
Potions
 c - a potion of magic {unknown}
 f - 3 potions of curing {unknown}
 g - a potion of agility {unknown}
 j - a potion of degeneration {unknown}
 k - a potion of brilliance {unknown}
 s - a potion of resistance {unknown}
 u - a potion of heal wounds {unknown}
 z - a potion of haste {unknown}
 A - a potion of beneficial mutation {unknown}
Comestibles
 b - 5 meat rations
 n - 2 bread rations
 x - a fruit


   Skills:
 + Level 4.0 Fighting
 + Level 2.7 Armour
 + Level 4.0 Dodging
 - Level 1.2 Stealth
 + Level 5.6 Unarmed Combat


You had 6 spell levels left.
You didn't know any spells.

Dungeon Overview and Level Annotations

Branches:
Dungeon (5/15)
 Temple: D:4-7

Altars:
Ashenzari
Cheibriados
Gozag

Annotations:
D:5 Prince Ribbit


Innate Abilities, Weirdness & Mutations

You are too large for most types of armour.
You have claws for hands.
Your metabolism is lightning-fast.
You like to eat raw meat.
You heal very quickly.
You are covered in fur (AC +1).
You have very tough skin (AC +2).


Message History

Prince Ribbit hits you.
You miss Prince Ribbit.
Prince Ribbit is heavily wounded.
Prince Ribbit hits you!
* * * LOW HITPOINT WARNING * * *
You are too injured to fight recklessly!
You are too injured to fight recklessly!
You are too injured to fight recklessly!
You miss Prince Ribbit.
Prince Ribbit is heavily wounded.
Prince Ribbit hits you!
* * * LOW HITPOINT WARNING * * *
You miss Prince Ribbit.
Prince Ribbit is heavily wounded.
Prince Ribbit misses you. Prince Ribbit hits you!
* * * LOW HITPOINT WARNING * * *
You closely miss Prince Ribbit.
Prince Ribbit is heavily wounded.
Prince Ribbit hits you.
You die...

# #.# #)#####.####
#.......##.#
#........#.#
#...)...#######.#
.####.....##.........
.#≈≈#.....##/........
.####.##.^##.......%.
##.....F@..###....
.............# ##
.............#
.....####....# ....
#....# .. #....# .
#....# #....#####
#........###


You could see Prince Ribbit.

Vanquished Creatures
  An ogre (D:4)
  A phantom (D:5)
  A wyvern skeleton (D:4)
  A jelly (D:5)
  Crazy Yiuf (D:3)
  An iguana (D:4)
  A centaur skeleton (D:4)
  A worker ant (D:4)
  3 orc wizards (D:4)
  Ijyb (D:4)
  8 adders
  4 gnolls
  2 worms
  A giant gecko (D:1)
  An ooze (D:3)
  6 orcs (D:4)
  3 bats
  8 giant cockroaches
  10 goblins
  13 hobgoblins
  5 jackals (D:2)
  11 kobolds
  A quokka (D:2)
  A giant gecko skeleton (D:4)
  2 giant newts
  7 rats
95 creatures vanquished.

Notes
Turn   | Place    | Note
--------------------------------------------------------------
     0 | D:1      | Kaesh, the Troll Monk, began the quest for the Orb.
     0 | D:1      | Reached XP level 1. HP: 22/22 MP: 1/1
   265 | D:1      | Reached XP level 2. HP: 29/29 MP: 1/1
   618 | D:1      | Reached XP level 3. HP: 32/36 MP: 2/2
   804 | D:2      | Found an opulent altar of Gozag.
   907 | D:2      | Reached skill level 1 in Armour
   907 | D:2      | Reached XP level 4. HP: 42/44 MP: 2/2
  1790 | D:3      | Noticed Crazy Yiuf
  1795 | D:3      | Killed Crazy Yiuf
  1795 | D:3      | Reached XP level 5. HP: 53/53 MP: 2/2
  2127 | D:4      | Noticed Ijyb
  2154 | D:4      | Killed Ijyb
  2178 | D:4      | Reached skill level 5 in Unarmed Combat
  2220 | D:4      | Reached XP level 6. HP: 48/61 MP: 3/3
  2252 | D:4      | Noticed an ogre
  2260 | D:4      | Killed an ogre
  2300 | D:4      | Identified a -3 rod of shadows (11/11) (You found it on level 4 of the Dungeon)
  2859 | D:4      | Reached XP level 7. HP: 63/68 MP: 3/3
  3098 | D:4      | Found a snail-covered altar of Cheibriados.
  3099 | D:4      | Found a shattered altar of Ashenzari.
  3201 | D:5      | Entered Level 5 of the Dungeon
  3288 | D:5      | Noticed Prince Ribbit
  3318 | D:5      | HP: 1/70 [Prince Ribbit (12)]
  3319 | D:5      | Slain by Prince Ribbit

Action                   |  1- 3 |  4- 6 |  7- 9 || total
-------------------------+-------+-------+-------++-------
Melee: Unarmed           |    73 |   203 |    49 ||   325
  Use: Scroll            |       |     7 |       ||     7
 Stab: Sleeping          |     2 |     3 |       ||     5
  Eat: Chunk             |    10 |    17 |     3 ||    30
